 Dungeon Crawl Stone Soup version 0.31-a0-1589-g8f5e8aebd6 (console) character file.

Game seed: 17137107584002158402

31 petzl the Sneak (level 3, -1/29 HPs)
             Began as a Formicid Delver on Jan 5, 2024.
             Slain by a hound (5 damage)
             ... on level 5 of the Dungeon.
             The game lasted 00:01:37 (273 turns).

petzl the Sneak (Formicid Delver)                    Turns: 273, Time: 00:01:37

Health: -1/29      AC:  4    Str: 16    XL:     3   Next: 40%
Magic:  7/7        EV: 12    Int: 11    God:
Gold:   7          SH:  0    Dex: 15    Spells: 7/7 levels left

rFire   . . .        a - +0 mace
rCold   . . .        (no shield)
rNeg    . . .        b - +0 leather armour
rPois   .            (helmet unavailable)
rElec   .            h - +0 cloak
rCorr   .            (no gloves)
SInv    +            (no boots)
Will    .....        (no amulet)
Stlth   +++          (no ring)
HPRegen 0.24/turn    (no ring)
MPRegen 0.10/turn

%: no passive effects
@: no status effects
A: permanent stasis, dig shafts and tunnels, antennae 3, four strong arms
a: Dig, Shaft Self


You were on level 5 of the Dungeon.
You visited 1 branch of the dungeon, and saw 2 of its levels.

You collected 7 gold pieces.

Inventory:

Hand Weapons
 a - a +0 mace (weapon)
Armour
 b - a +0 leather armour (worn)
 h - a +0 cloak (worn)
Wands
 f - a wand of digging (3)
Scrolls
 c - a scroll of fog
 d - a scroll of revelation
 e - a scroll of fear
 g - 4 scrolls of identify {unknown}


   Skills:
 - Level 3.2 Fighting
 - Level 2.0 Maces & Flails
 - Level 1.7 Dodging
 - Level 6.0 Stealth
 + Level 2.8 Spellcasting


You had 7 spell levels left.
You didn't know any spells.
Your spell library was empty.

Dungeon Overview and Level Annotations

Branches:
Dungeon (6/15)
 Temple: D:4-7

Altars:


Innate Abilities, Weirdness & Mutations

You cannot be hasted, slowed, berserked, paralysed or teleported.
You can dig through walls and to a lower floor.
You have a pair of large antennae on your head. (SInv)
Your four strong arms can wield two-handed weapons with a shield.


Message History

The hound bites you.
You climb downwards.
Found a stone staircase leading down.
There is a stone staircase leading up here.
You sock the hound!
The hound is almost dead.
The hound barely misses you. The hound bites you but does no damage.
You barely miss the hound.
The hound is almost dead.
The hound closely misses you. The hound misses you.
You closely miss the hound.
The hound is almost dead.
The hound bites you. x2
You closely miss the hound.
The hound is almost dead.
The hound misses you. The hound closely misses you.
You barely miss the hound.
The hound is almost dead.
The hound misses you. The hound bites you.
The hound bites you but does no damage.
You climb upwards.
There is a stone staircase leading down here.
The hound attacks as it pursues you! The hound bites you. The hound misses you.
The hound bites you. The hound barely misses you.
You closely miss the hound.
The hound is almost dead.
The hound bites you.
* * * LOW HITPOINT WARNING * * *
The hound completely misses you.
You closely miss the hound.
The hound is almost dead.
The hound bites you.
* * * LOW HITPOINT WARNING * * *
The hound bites you.
* * * LOW HITPOINT WARNING * * *
You hit the hound but do no damage.
The hound is almost dead.
The hound closely misses you. The hound bites you.
You die...

. #.. ##....####.# .#.
#..###..#..# #.#
...##...h......# #.#
##.......#####..# #.#
................# #.#
........##.#.##.## #.#
........#....##..# #.#
...........#####.###.##
.........#.# #......#
..../....#.# #####..#
.........#.# ####
........##.##
#.......##..##
.....##h###..## ....#
#.....>.#
.........##.#.####
#........##......#
#........###..##.####
......h.# ##..#.h@.###
........# ##...##...#
#######.# ###.####.##
#.# #.## #..#
#..####.#####
##..........#
##.........#
#.........#
{##........#
{########## { { {


You could see a hound.

Vanquished Creatures
  A hound (D:5)
1 creature vanquished.

Notes
Turn   | Place    | Note
-------+----------+-------------------------------------------
     0 | D:5      | petzl the Formicid Delver began the quest for the Orb.
     0 | D:5      | Reached XP level 1. HP: 18/18 MP: 1/1
    39 | D:5      | Noticed a hound
    42 | D:5      | Noticed a hound
   128 | D:5      | Killed a hound
   129 | D:5      | Reached XP level 2. HP: 4/24 MP: 1/5
   129 | D:5      | Reached XP level 3. HP: 5/29 MP: 1/7
   257 | D:6      | Noticed a scorpion
   273 | D:5      | Slain by a hound

Illustrated notes

Levels and vault maps discovered:
D:5:      layout_rooms, nicolae_dithmenos_through_a_glass_darkly,
          gammafunk_ghost_nasty_kobolds, uniq_prince_ribbit1
D:6:      layout_cave_pools, nicolae_overflow_quartered_altars,
          mainiacjoe_overflow_catwalk_spiral, serial_shops,
          nicolae_shop_peninsula

Skill      XL: |  1 |
---------------+----+-----
Spellcasting   | 2 |  2.8
Fighting       | |  3.2
Maces & Flails | |  2.0
Dodging        | |  1.7
Stealth        | |  6.0

Action                     || total
---------------------------++-------
  Melee: Mace              ||    24
 Armour: Leather armour    ||    30
  Dodge: Dodged            ||    28

Table legend: (Time is in decaauts)
 A = Elapsed time spent in this place.
 B = Non-inter-level travel time spent in this place.
 C = Inter-level travel time spent in this place.
 D = Time resting spent in this place.
 E = Time spent auto-exploring this place.
 F = Levels seen in this place.
 G = Mean time per level.
                   A        B        C        D        E       F      G
               +--------+--------+--------+--------+--------+-----+--------+
         Total |    280 |    280 |      0 |     95 |     33 |   2 |  140.0 |
       Dungeon |    280 |    280 |      0 |     95 |     33 |   2 |  140.0 |
               +--------+--------+--------+--------+--------+-----+--------+

Top non-repeatable levels by time:
     D:5: 271 daAuts
     D:6: 8 daAuts
